AoeStats
← x.jingfu

Arena

510089197Analyzed
4v4 RM · 3d ago on Sep 29, 2026· 54m 11s· 8 players
Game mode
Random Map
Map size
Large (8 player)
Population
200
Speed
Normal
Resources
Standard
Victory
Conquest
Starting age
Dark Age
Ending age
Imperial Age
RankedLock teamsTeams togetherTeam positionsShared explorationLock speedFull tech treeHidden civsTurbo modeCheats
Victory
Defeat
🇨🇳 Cumans · China
1183
+15
🇸🇪 Spanish · Sweden
1181
+15
🇨🇳 Bohemians · China
1180
+15
🇨🇳 Saxons · China
1170
+15
🇲🇽 Malay · Mexico
1203
-18
🇨🇳 Bohemians · China
1134
-14
🇨🇳 Huns · China
1133
-14
🇨🇳 Khmer · China
1131
-14
MyGO.Soyo
12:04 Feudal Age
14:05 Wheelbarrow
13:18 Double-Bit Axe
14:06 Horse Collar
16:39 Castle Age
15:55 Scale Mail Armor
16:05 Forging
17:45 Bow Saw
17:38 Heavy Plow
18:34 Loom
20:22 Squires
27:18 Gold Mining
28:50 Hand Cart
32:32 Imperial Age
31:08 Gold Shaft Mining
30:26 Stone Mining
30:28 Gambesons
30:28 Arson
32:07 Chain Mail Armor
32:28 Iron Casting
32:37 Capped Ram
34:07 Elite Varangian Guard
35:28 Conscription
35:32 Shield Wall
35:33 Elite Hearth Troop
37:29 Plate Mail Armor
36:45 Siege Ram
37:59 Padded Archer Armor
37:50 Fletching
37:56 Siege Ram
38:14 Elite Skirmisher
39:58 Chemistry
39:19 Ballistics
46:27 Fortified Wall
47:20 Bodkin Arrow
47:41 Leather Archer Armor
48:59 Two-Man Saw
48:15 Bracer
绫地宁宁
6:17 Loom
8:56 Feudal Age
9:28 Double-Bit Axe
11:08 Wheelbarrow
11:10 Horse Collar
18:32 Gold Mining
19:21 Bloodlines
20:01 Scale Barding Armor
20:07 Forging
22:17 Castle Age
23:27 Chain Barding Armor
23:42 Iron Casting
23:19 Bow Saw
23:11 Heavy Plow
23:28 Hand Cart
24:00 Gold Shaft Mining
32:14 Imperial Age
31:55 Stone Mining
32:19 Elite Steppe Lancer
32:20 Cavalier
33:38 Plate Barding Armor
34:04 Blast Furnace
34:23 Crop Rotation
34:54 Two-Man Saw
35:11 Paladin
38:02 Conscription
37:43 Steppe Husbandry
37:55 Paladin
39:45 Onager
40:56 Masonry
41:31 Hoardings
42:22 Coinage
42:18 Siege Onager
44:02 Banking
44:19 Capped Ram
45:27 Siege Ram
46:30 Caravan
46:41 Light Cavalry
48:58 Hussar
51:43 Cuman Mercenaries
51:40 Elite Kipchak
53:13 Spies/Treason
53:38 Sappers
x.jingfu
5:59 Loom
12:59 Feudal Age
13:32 Gold Mining
13:30 Double-Bit Axe
14:30 Stone Mining
17:00 Castle Age
14:48 Horse Collar
17:53 Bow Saw
20:00 Wheelbarrow
24:20 Padded Archer Armor
26:01 Leather Archer Armor
26:00 Bloodlines
27:16 Husbandry
32:30 Hand Cart
35:14 Imperial Age
34:46 Scale Barding Armor
34:46 Town Watch
35:18 Forging
36:28 Chain Barding Armor
36:31 Conscription
35:36 Cavalier
37:30 Ring Archer Armor
37:36 Iron Casting
36:53 Fletching
37:35 Heavy Plow
39:22 Plate Barding Armor
41:19 Blast Furnace
43:10 Onager
45:06 Stone Shaft Mining
44:41 Capped Ram
46:44 Bodkin Arrow
47:38 Paladin
50:37 Two-Man Saw
54:10 Siege Ram
flandle
11:50 Feudal Age
11:58 Feudal Age
13:38 Horse Collar
13:43 Double-Bit Axe
16:36 Castle Age
17:16 Loom
21:16 Imperial Age
20:58 Chemistry
20:52 Bow Saw
21:03 Heavy Plow
26:10 Two-Man Saw
40:31 Padded Archer Armor
42:43 Leather Archer Armor
42:54 Crossbowman
43:44 Siege Engineers
45:51 Wheelbarrow
46:56 Houfnice
49:59 Ring Archer Armor
52:21 Elite Skirmisher
53:28 Hand Cart
离岛
10:09 Feudal Age
15:08 Castle Age
13:29 Double-Bit Axe
13:24 Horse Collar
15:25 Stone Mining
15:30 Gold Mining
18:54 Loom
24:07 Fletching
25:00 Padded Archer Armor
25:54 Elite Skirmisher
26:19 Pikeman
zack
10:41 Feudal Age
14:53 Castle Age
13:11 Double-Bit Axe
13:29 Horse Collar
16:02 Heavy Plow
18:12 Bow Saw
18:23 Loom
22:43 Wheelbarrow
25:08 Hand Cart
25:08 Town Watch
27:36 Fortified Wall
29:54 Chemistry
32:12 Imperial Age
30:10 Masonry
30:14 Padded Archer Armor
30:14 Scale Mail Armor
30:25 Forging
31:42 Ballistics
32:27 Wagenburg Tactics
32:42 Leather Archer Armor
32:43 Chain Mail Armor
33:04 Iron Casting
33:32 Conscription
38:35 Houfnice
Longlonglong
12:00 Feudal Age
15:29 Castle Age
14:03 Double-Bit Axe
14:03 Horse Collar
27:03 Loom
32:47 Bow Saw
37:39 Imperial Age
35:21 Scale Barding Armor
35:26 Forging
35:43 Stone Mining
37:00 Wheelbarrow
38:38 Elite Ballista Elephant
39:54 Double Crossbow
40:16 Conscription
47:04 Chemistry
46:11 Siege Engineers
b² - 4ac
7:13 Loom
11:43 Feudal Age
15:34 Castle Age
14:31 Double-Bit Axe
14:29 Horse Collar
16:07 Wheelbarrow
18:46 Bow Saw
26:36 Forging
32:50 Scale Barding Armor
33:20 Iron Casting
36:48 Husbandry
Connection lost

Rejoining the realm…

Still unreachable

The connection could not be restored.

Session expired

The server has moved on; the page needs a fresh start.